 Dungeon Crawl Stone Soup version 0.23.2-1-ga50397a6bc (webtiles) character file.

Game seed: 10189927505011197632

61 GreenRAT the Skirmisher (level 4, 0/29 HPs)
             Began as a Gargoyle Monk on May 18, 2019.
             Slain by a gnoll
             ... wielding a +0 whip
              (1 damage)
             ... on level 1 of the Dungeon.
             The game lasted 00:03:41 (1260 turns).

GreenRAT the Skirmisher (Gargoyle Monk)             Turns: 1260, Time: 00:03:42

Health: 0/29       AC:  8    Str: 15    XL:     4   Next: 7%
Magic:  4/4        EV: 13    Int: 10    God:
Gold:   54         SH:  0    Dex: 13    Spells: 3/3 levels left

rFire    . . .     SeeInvis .   a - +0 mace
rCold    . . .     Gourm    .   (no shield)
rNeg     + . .     Faith    .   b - +0 robe
rPois    ∞         Spirit   .   (no helmet)
rElec    +         Reflect  .   (no cloak)
rCorr    .         Harm     .   (no gloves)
MR       .....                  (no boots)
Stlth    ++........             (no amulet)
HPRegen  0.09/turn              h - +3 ring of protection
MPRegen  0.09/turn              (no ring)

@: no status effects
A: negative energy resistance 1, electricity resistance, unbreathing,
petrification resistance, rot immunity, AC +3
a: no special abilities


You were on level 1 of the Dungeon.
You were not hungry.

You visited 1 branch of the dungeon, and saw 2 of its levels.

You collected 54 gold pieces.

Inventory:

Hand Weapons
 a - a +0 mace (weapon)
Armour
 b - a +0 robe (worn)
 j - a +0 naga barding
Jewellery
 h - a +3 ring of protection (left hand)
Scrolls
 e - 2 scrolls of fog {unknown}
 f - a scroll of random uselessness {unknown}
Potions
 d - a potion of curing {unknown}
 g - a potion of haste {unknown}
 i - 2 potions of lignification {unknown}
Comestibles
 c - 3 rations


   Skills:
 + Level 3.7 Fighting
 + Level 3.6 Maces & Flails
 + Level 3.0 Dodging
 + Level 2.7 Stealth


You had 3 spell levels left.
You didn't know any spells.
Your spell library was empty.

Dungeon Overview and Level Annotations

Branches:
Dungeon (2/15)

Altars:


Innate Abilities, Weirdness & Mutations

You are resistant to torment.
Your stone body is resilient. (AC +3)
You are immune to poison.
You resist negative energy. (rN+)
You are resistant to electric shocks. (rElec)
You can survive without breathing.
You are immune to petrification.
You are immune to rotting.


Message History

The gnoll is severely wounded.
The gnoll hits you but does no damage.
You hit the gnoll.
The gnoll is almost dead.
The gnoll hits you but does no damage.
You completely miss the gnoll.
The gnoll is almost dead.
The gnoll hits you with a +0 whip.
* * * LOW HITPOINT WARNING * * *
You closely miss the gnoll.
The gnoll is almost dead.
The gnoll hits you but does no damage. The gnoll misses you.
You barely miss the gnoll.
The gnoll is almost dead.
The gnoll hits you with a +0 whip.
* * * LOW HITPOINT WARNING * * *
You barely miss the gnoll.
The gnoll is almost dead.
The gnoll hits you with a +0 whip.
You die...

.....##.# #.#
........# #.#####
####.#### #.....#
#.# #.###.# #.# #.#
#.# #.# #.# #.# #.#
#.# #.# #.# #.# #.#
#.# #@# #.# #.#
#####g###.#
#.#######.........#
#.............#####
#..######.#..##
####..# #.#..#
......# #.#..#
####..# #.#..# #..#
####.#..#


You could see a gnoll.

Vanquished Creatures
  2 gnolls (D:1)
  An adder (D:1)
  An ooze (D:1)
  A dart slug (D:1)
  4 giant cockroaches (D:1)
  2 goblins (D:1)
  4 hobgoblins (D:1)
  2 kobolds (D:1)
  3 bats (D:1)
  3 frilled lizards (D:1)
  6 rats (D:1)
29 creatures vanquished.

Notes
Turn   | Place    | Note
-------+----------+-------------------------------------------
     0 | D:1      | GreenRAT the Gargoyle Monk began the quest for the Orb.
     0 | D:1      | Reached XP level 1. HP: 14/14 MP: 1/1
   195 | D:1      | Reached XP level 2. HP: 13/19 MP: 2/2
   444 | D:1      | Reached XP level 3. HP: 20/23 MP: 3/3
   460 | D:1      | HP: 1/23 [gnoll/+0 flail (1)]
   988 | D:1      | You fall through a shaft!
  1247 | D:1      | Reached XP level 4. HP: 11/29 MP: 4/4
  1259 | D:1      | HP: 1/29 [gnoll/+0 whip (6)]
  1260 | D:1      | Slain by a gnoll

Skill      XL: |  1  2  3 |
---------------+----------+-----
Dodging        | 3 |  3.0
Fighting       | |  3.7
Maces & Flails | |  3.6
Stealth        | |  2.7

Action                   |  1- 3 |  4- 6 || total
-------------------------+-------+-------++-------
Melee: Mace              |    91 |    13 ||   104
 Stab: Sleeping          |     5 |       ||     5
  Eat: Ration            |     1 |       ||     1
Armor: Robe              |    31 |     7 ||    38
Dodge: Dodged            |    72 |     4 ||    76
